Map: Temple of the Past

Players

NamroodTuo

  • Race: Zerg Zerg

Kaomin

  • Race: Zerg Zerg
  • Spawn Location: 0:00

VOD

Have the link to the VOD?

Description

Time

  • Played on: April 14, 2023, 1:05 p.m.
  • Length: 26:28
Show
View Real Time Build Order
Export as new Build Order

NamroodTuo Zerg 

Build Orders:  

Get SALT Encoding   

  12  0:19  Infested Barracks  
  12  0:34  Infested SCV  
  12  0:39  Overlord  
  13  0:45  Infested SCV  
  14  1:08  Infested SCV  
  14  1:09  Infested SCV  
  16  1:11  Infested SCV  
  17  1:27  Infestation Level 1  
  17  1:35  Infested SCV  
  18  1:44  Infested Refinery  
  18  1:46  Infested SCV  
  19  1:53  Infested SCV  
  20  2:03  Infested Refinery  
  20  2:08  Overlord  
  20  2:13  Infested SCV  
  21  2:31  Infested Engineering Bay  
  21  2:33  Infested SCV  
  22  2:43  Infested Barracks Tech Lab  
  22  2:59  Infested SCV  
  23  3:02  Overlord  
  23  3:18  Infested SCV  
  24  3:27  Anaerobic Enhancement  
  24  3:43  Infested SCV  
  24  3:47  Stukov Infantry Weapons Level 1  
  25  3:53  Infested SCV  
  26  4:14  Infested SCV  
  27  4:27  Infestation Level 2  
  27  4:48  Infested Command Center  
  27  5:03  Overlord  
  27  5:06  Infested Marine  
  27  5:07  Infested Marine x11  
  39  5:15  Overlord  
  39  5:19  Overlord  
  39  5:49  Infested SCV  
  40  5:58  Retinal Augmentation  
  40  5:59  Infested Factory  
  40  6:10  Infested SCV  
  40  6:11  Infested SCV x2  
  40  6:15  Infested SCV  
  44  6:27  Stukov Infantry Armor Level 1  
  44  6:45  Unknown  
  32  7:11  Infested SCV x3  
  32  7:12  Infested SCV x2  
  37  7:25  Broodling Gestation  
  37  7:29  Infested SCV  
  42  7:41  Infested Bunker  
  42  8:15  Infested SCV  
  42  8:16  Infested SCV  
  44  8:29  Infested Bunker  
  52  8:51  Infested Bunker  
  52  9:06  Stukov Infantry Weapons Level 2  
  52  9:42  Infested Missile Turret  
  52  9:55  Infested Marine  
  52  9:56  Infested Marine x12  
  52  9:57  Infested Marine x7  
  72  10:12  Infested Missile Turret  
  72  10:14  Plagued Munitions  
  72  10:22  Infested SCV x3  
  72  10:23  Infested SCV x2  
  77  10:30  Overlord x3  
  77  10:31  Overlord x2  
  77  10:59  Infested Marine  
  78  11:00  Infested Marine x11  
  78  11:01  Infested Marine  
  90  11:10  Infested Barracks  
  90  11:22  Infested Barracks  
  94  11:31  Infested Bunker  
  94  11:44  Infested Bunker  
  94  11:46  Infested SCV  
  94  11:47  Infested SCV x3  
  82  12:16  Regenerative Plating  
  82  12:22  Infested Armory  
  85  12:58  Infested Marine  
  85  12:59  Infested Marine x14  
  92  13:12  Infested Bunker  
  92  13:16  Stukov Infantry Armor Level 2  
  92  13:19  Infested Refinery  
  96  13:23  Infested Refinery  
  96  13:29  Infested Bunker  
  100  13:39  Infested Bunker  
  92  13:49  Infested Marine  
  92  13:50  Infested Marine x17  
  92  13:51  Infested Marine  
  109  14:17  Infested Missile Turret  
  109  14:29  Infested Bunker  
  109  14:30  Infested Marine  
  109  14:31  Infested Marine x8  
  109  14:35  Overlord  
  109  14:36  Overlord x9  
  109  14:37  Aggressive Incubation  
  118  14:45  Infested Missile Turret  
  113  15:29  Infested Missile Turret  
  117  15:31  Infested Missile Turret  
  98  15:55  Infested Bunker  
  98  15:56  Infestation Level 3  
  98  16:21  Infested Barracks  
  98  16:26  Stukov Infantry Weapons Level 3  
  97  16:41  Infested Bunker  
  97  16:56  Infested Bunker  
  101  17:01  Infested Marine  
  101  17:02  Infested Marine x9  
  101  17:03  Infested Marine x3  
  101  17:04  Infested Marine  
  115  17:28  Infested Bunker  
  115  17:29  Infested Missile Turret  
  115  17:39  Infested Bunker  
  119  17:42  Infested Missile Turret  
  119  17:54  Infested Missile Turret  
  119  18:01  Infested Marine  
  119  18:02  Infested Marine x13  
  119  18:03  Infested Marine x3  
  136  18:16  Infested Marine  
  136  18:17  Infested Marine x18  
  136  18:18  Infested Marine x5  
  160  18:27  Infested Missile Turret  
  160  18:37  Infested Marine x3  
  160  18:38  Infested Marine x17  
  160  18:39  Infested Marine x16  
  196  18:40  Infested Marine  
  196  18:41  Infested Marine  
  164  19:03  Infested Marine  
  164  19:04  Infested Marine x18  
  164  19:05  Infested Marine x7  
  164  19:06  Infested Marine  
  171  19:50  Infested Bunker  
  171  19:59  Infested Bunker  
  175  20:06  Calcified Armor  
  141  20:38  Infested Missile Turret  
  140  20:47  Infested Missile Turret  
  113  21:03  Overseer x2  
  113  21:04  Overseer x4  
  113  21:05  Overseer  
  113  21:06  Stukov Infantry Armor Level 3  
  113  21:08  Overlord x4  
  113  21:09  Overlord  
  113  21:18  Stukov Vehicle and Ship Weapons Level 1  
  113  21:29  Infested Bunker  
  121  21:41  Infested Bunker  
  121  22:02  Infested Bunker  
  125  22:14  Infested Bunker  
  125  22:18  Infested Missile Turret  
  129  22:28  Infested Missile Turret  
  129  22:49  Infested Marine, Infested Missile Turret  
  130  22:50  Infested Marine x14  
  130  22:51  Infested Marine x19  
  130  22:52  Infested Marine x9  
  172  23:01  Infested Missile Turret  
  172  24:01  Infested Marine  
  172  24:02  Infested Marine x11  
  172  24:03  Infested Marine x16  
  161  25:45  Infested Bunker  
  161  25:48  Infested Bunker  
  141  26:01  Infested Bunker  
  141  26:03  Infested Bunker  
Show
View Real Time Build Order
Export as new Build Order

Kaomin Zerg 

Build Orders:  

Get SALT Encoding   

  12  0:07  Drone  
  13  0:20  Overlord  
  13  0:26  Drone  
  14  0:46  Drone  
  14  0:47  Extractor, Drone x2  
  16  0:50  Drone  
  17  1:10  Drone x3  
  17  1:12  Extractor  
  17  1:17  Drone  
  20  1:24  Drone  
  21  1:36  Drone  
  22  1:48  Overlord  
  22  1:59  Roach Warren  
  21  2:02  Drone  
  22  2:14  Drone  
  22  2:15  Drone  
  22  2:18  Drone  
  25  2:26  Drone  
  26  2:35  Lair  
  26  2:42  Drone  
  26  2:44  Drone  
  28  3:07  Overlord x2  
  28  3:19  Infestation Pit  
  27  3:47  Swarm Host x2  
  33  3:53  Drone  
  34  4:07  Swarm Host  
  37  4:29  Swarm Host  
  40  4:59  Roach x2  
  44  5:00  Roach  
  46  5:28  Hatchery  
  45  5:34  Roach  
  45  5:56  Brutalisk  
  45  6:20  Drone x2  
  45  6:29  Overlord x3  
  47  6:30  Overlord  
  47  6:31  Roach  
  47  6:34  Drone  
  47  6:35  Drone  
  49  6:53  Brutalisk  
  49  7:02  Roach  
  49  7:24  Brutalisk  
  49  7:50  Evolution Chamber  
  49  7:53  Extractor, Evolution Chamber  
  49  7:55  Extractor, Drone x3  
  49  7:57  Drone x2  
  49  7:58  Drone  
  51  8:00  Drone x6  
  51  8:01  Drone x6  
  63  8:45  Zerg Missile Weapons Level 1, Zerg Ground Armor Level 1  
  63  8:47  Hive  
  63  8:49  Deep Tunnel  
  63  8:55  Drone x3  
  63  8:59  Overlord x3  
  66  9:53  Unknown  
  66  10:38  Zerg Missile Weapons Level 2, Zerg Ground Armor Level 2  
  66  11:01  Pressurized Glands  
  66  11:56  Swarm Host x2  
  66  11:57  Swarm Host x2  
  78  12:01  Swarm Host x3  
  78  12:02  Swarm Host  
  90  14:21  Swarm Host x4  
  90  14:25  Zerg Ground Armor Level 3, Zerg Missile Weapons Level 3  
  102  16:02  Swarm Host x2  
  102  16:28  Swarm Host x2  
  108  16:32  Overlord x3  
  108  16:33  Overlord x13  
  108  17:24  Swarm Host x2  
  108  17:25  Swarm Host  
  108  17:26  Swarm Host x3  
  126  17:36  Swarm Host x2  
  126  17:37  Swarm Host x6  
  150  19:29  Swarm Host  
  150  20:21  Swarm Host x2  
  150  20:28  Swarm Host x3  
  150  20:29  Swarm Host x3  
  168  20:30  Swarm Host x2  
  174  22:01  Swarm Host  
  174  22:02  Swarm Host x3  
  174  22:03  Swarm Host x2  
  174  22:04  Swarm Host  
  174  22:05  Swarm Host  
Tags
 
Add a new tag
Caveats
  • Supply blocks, unpowered buildings, or Contaminate may cause inaccurate times.
  • Supply counts are checked every 10 seconds.